 Dungeon Crawl Stone Soup version 0.32-a0-918-g0f22ef8d61 (webtiles) character file.

Game seed: 13003764013462969110

15673 bronco the Arsonist (level 12, -3/100 HPs)
             Began as a Mountain Dwarf Fire Elementalist on Apr 10, 2024.
             Was an Elder of Vehumet.
             Slain by a komodo dragon (18 damage)
             ... on level 1 of the Lair of Beasts on Apr 11, 2024.
             The game lasted 00:51:08 (14529 turns).

bronco the Arsonist (MDFE)                         Turns: 14529, Time: 00:51:08

Health: -3/100     AC: 16    Str: 12    XL:     12   Next: 3%
Magic:  30/34      EV:  7    Int: 28    God:    Vehumet [****..]
Gold:   592        SH: 10    Dex: 10    Spells: 17/30 levels left

rFire   + . .        a - +1 war axe (venom)
rCold   . . .        K - +1 buckler
rNeg    . . .        v - +0 scale mail
rPois   .            k - +2 helmet of Syndicalism {rF+ Int+2 SInv}
rElec   .            n - scarf {repulsion}
rCorr   .            d - +0 pair of gloves
SInv    +            F - +2 pair of boots {Stlth+}
Will    +....        p - amulet of reflection
Stlth   +            E - ring of magical power
HPRegen 0.36/turn    u - +6 ring of intelligence
MPRegen 0.24/turn

%: repel missiles, reflection
@: studying Staves
A: runic magic, artefact enchanting
a: Renounce Religion


You were on level 1 of the Lair of Beasts.
You worshipped Vehumet.
Vehumet was greatly pleased with you.
You visited 2 branches of the dungeon, and saw 11 of its levels.

You collected 800 gold pieces.
You spent 208 gold pieces at shops.

Inventory:

Hand Weapons
 a - a +1 war axe of venom (weapon)
 b - the +1 sling of Bosuplon {freeze, Will+}
   (You found it on level 8 of the Dungeon)

   Will+:     It increases your willpower.
 G - the +4 dagger of Defiance {flame, rC+ Str+2 Stlth+}
   (You found it on level 6 of the Dungeon)

   Str+2:     It affects your strength (+2).
   rC+:       It protects you from cold.
   Stlth+:    It makes you more stealthy.
Missiles
 j - 103 poisoned darts
 o - 102 stones
 B - 3 curare-tipped darts
 I - 2 javelins
Armour
 d - a +0 pair of gloves (worn)
 k - the +2 helmet of Syndicalism (worn) {rF+ Int+2 SInv}
   (You acquired it on level 9 of the Dungeon)

   Int+2:     It affects your intelligence (+2).
   rF+:       It protects you from fire.
   SInv:      It lets you see invisible.
 n - a scarf of repulsion (worn)
 v - a +0 scale mail (worn)
 F - a +2 pair of boots of stealth (worn)
 K - a +1 buckler (worn)
Jewellery
 h - a ring of resist corrosion
 p - an amulet of reflection (around neck)
 q - a ring of protection from fire
 s - a +6 ring of dexterity
 u - a +6 ring of intelligence (right hand)
 z - a ring of flight
 E - a ring of magical power (left hand)
Wands
 c - a wand of charming (13)
 l - a wand of flame (11)
 H - a wand of light (6)
 N - a wand of iceblast (5)
 Q - a wand of mindburst (15)
Scrolls
 m - a scroll of immolation {unknown}
 r - a scroll of torment
 w - 6 scrolls of enchant weapon
 x - 5 scrolls of teleportation
 A - a scroll of poison
 O - 2 scrolls of revelation
Potions
 e - 2 potions of mutation
 g - 4 potions of curing
 i - 2 potions of cancellation
 t - 2 potions of magic
 D - a potion of resistance {unknown}
 M - 2 potions of haste {unknown}
 P - a potion of heal wounds
 R - 2 potions of attraction {unknown}
 S - 3 potions of brilliance


   Skills:
 - Level 7.3 Fighting
 - Level 7.9 Armour
 - Level 1.3 Dodging
 - Level 1.4 Stealth
 - Level 4.7 Shields
 - Level 9.8 Spellcasting
 * Level 5.8 Conjurations
 + Level 12.6 Fire Magic


You had 17 spell levels left.
You knew the following spells:

 Your Spells              Type           Power      Damage    Failure   Level
a - Foxfire               Conj/Fire      100%       2x1d9     1%          1
b - Scorch                Fire           100%       2d9       1%          2
c - Volatile Blastmotes   Fire/Tloc      98%        2d18      1%          3
d - Flame Wave            Conj/Fire      60%        2d14      1%          4
e - Inner Flame           Hex/Fire       49%        N/A       1%          3

Your spell library contained the following spells:

 Spells                   Type           Power      Damage    Failure   Level
 Dazzling Flash           Conj/Hex       60%        N/A       1%          3
 Static Discharge         Conj/Air       60%        3-6/arc   1%          2
 Apportation              Tloc           26%        N/A       8%          1
 Jinxbite                 Hex            26%        N/A       12%         2
 Irradiate                Conj/Alch      15%        3d16      17%         5
 Airstrike                Air            6%         2d(1-17)  21%         4
 Ignition                 Fire           35%        3d11      56%         8
 Summon Lightning Spire   Summ/Air       13%        N/A       61%         4
 Alistair's Intoxication  Alch           8%         N/A       91%         5


Dungeon Overview and Level Annotations

Branches:
Dungeon (10/15)            Temple (0/1) D:7            Lair (1/5) D:10
    Orc (0/2) D:10

Altars:
Ashenzari
Cheibriados
Dithmenos
Fedhas
Gozag
Hepliaklqana
Kikubaaqudgha
Makhleb
Nemelex Xobeh
Qazlal
Ru
Vehumet
Wu Jian
Xom
Yredelemnul
The Shining One

Shops:
D:7 [   D:10 ![


Innate Abilities, Weirdness & Mutations

Your spellcasting is much less encumbered by armour.
You can use scrolls of enchantment on lesser artefacts.


Message History

The komodo dragon is moderately wounded.
The komodo dragon bites you!
You barely miss the komodo dragon.
The komodo dragon is moderately wounded.
The komodo dragon is no longer more vulnerable to fire.
Your foxfire dissipates!
You block the komodo dragon's attack. The komodo dragon bites you!
You hit the komodo dragon.
The komodo dragon is moderately wounded.
The komodo dragon closely misses you. You block the komodo dragon's attack.
You barely miss the komodo dragon.
The komodo dragon is moderately wounded.
The komodo dragon bites you!
Casting: Foxfire (safe; 1% risk of failure)
Confirm with . or Enter, or press ? or * to list all spells.
Flames lash the komodo dragon.
The komodo dragon is heavily wounded.
The komodo dragon's fire resistance burns away.
The komodo dragon bites you.
Unknown command.
Unknown command.
You hit the komodo dragon.
The komodo dragon is poisoned.
The komodo dragon is severely wounded.
The komodo dragon bites you. You block the komodo dragon's attack.
You closely miss the komodo dragon.
The komodo dragon is severely wounded.
You block the komodo dragon's attack.
You hit the komodo dragon.
The komodo dragon is severely wounded.
The komodo dragon is no longer more vulnerable to fire.
The komodo dragon bites you! x2
You closely miss the komodo dragon.
The komodo dragon is almost dead.
The komodo dragon bites you!!
* * * LOW HITPOINT WARNING * * *
The komodo dragon closely misses you.
You closely miss the komodo dragon.
The komodo dragon is almost dead.
The komodo dragon bites you!!
You die...

###...........# .
##............## ..
#..#..........# ...
##...#........# ....
#............##
...$. #............#
..♣...#.....#......#
........♣l.##.....##
##
........@..#.....##
.#
..♣.......###..###
## .........#.#...##
#### #
..>..♣..######..##
##..# # ........#
##..####.... #
..♣$...##
##.#P##.... .....##
#.>....### .##
#...##.# ##.#####


You could see a komodo dragon (very poisoned).

Vanquished Creatures
  A boulder beetle (Lair:1)
  An ugly thing (D:9)
  A black mamba (Lair:1)
  Joseph (Lair:1)
  2 cane toads (Lair:1)
  An unseen horror (D:9)
  2 rime drakes (Lair:1)
  A komodo dragon (Lair:1)
  A kobold demonologist (D:10)
  2 trolls
  A hornet (D:8)
  Grinder (D:4)
  2 shadows
  21 yaks
  A wraith (D:7)
  A basilisk (Lair:1)
  A vampire mosquito (D:5)
  Menkaure (D:4)
  5 water moccasins
  Duvessa (D:7)
  9 orc warriors
  2 black bears
  A sky beast (D:7)
  An ogre (D:4)
  4 centaurs
  8 wolves (Lair:1)
  A phantom (D:5)
  Blork the orc (D:4)
  19 kobold brigands
  3 scorpions
  2 bullfrogs
  Dowan (D:7)
  17 killer bees
  An electric eel (D:10)
  4 crimson imps (D:10)
  A howler monkey (D:6)
  A bombardier beetle (D:4)
  A hound (D:5)
  2 jellies
  5 orc priests
  A sleepcap (D:5)
  4 iguanas
  15 orc wizards
  Robin (D:3)
  8 adders
  A shadow imp (D:5)
  5 white imps
  5 dart slugs
  2 ribbon worms (D:2)
  29 orcs
  7 ball pythons
  7 endoplasms
  2 giant cockroaches
  7 hobgoblins
  9 jackals
  2 quokkas
  5 bats
  3 frilled lizards
  22 goblins
  15 kobolds
  3 rats (D:1)
285 creatures vanquished.

Vanquished Creatures (collateral kills)
  A blink frog (D:10)
  A basilisk (D:10)
  Edmund (D:4)
  An acid dragon (D:10)
  A centaur (D:10)
  A bullfrog (D:10)
  3 wights (D:10)
  2 howler monkeys (D:10)
  3 iguanas (D:10)
14 creatures vanquished.

Vanquished Creatures (others)
  An orc wizard (D:6)
  426 foxfires
427 creatures vanquished.

Grand Total: 726 creatures vanquished

Notes
Turn   | Place    | Note
-------+----------+-------------------------------------------
     0 | D:1      | bronco the Mountain Dwarf Fire Elementalist began the quest
                  | for the Orb.
     0 | D:1      | Reached XP level 1. HP: 14/14 MP: 3/3
   224 | D:1      | Reached skill level 4 in Fire Magic
   506 | D:1      | Reached XP level 2. HP: 18/20 MP: 0/4
  1207 | D:2      | Learned a level 2 spell: Scorch
  1287 | D:2      | Reached skill level 1 in Fighting
  1287 | D:2      | Reached XP level 3. HP: 28/28 MP: 2/5
  2486 | D:3      | Reached XP level 4. HP: 32/37 MP: 3/6
  2824 | D:3      | Found a glowing golden altar of the Shining One.
  2867 | D:3      | Reached skill level 5 in Fire Magic
  3006 | D:3      | Noticed Robin
  3015 | D:3      | Killed Robin
  3114 | D:3      | Learned a level 3 spell: Volatile Blastmotes
  3137 | D:3      | Found a hazy altar of Hepliaklqana.
  3140 | D:3      | Reached XP level 5. HP: 45/45 MP: 5/7
  3496 | D:4      | Noticed Menkaure
  3503 | D:4      | Killed Menkaure
  3504 | D:4      | Reached skill level 7 in Fire Magic
  3664 | D:4      | Reached XP level 6. HP: 51/51 MP: 4/8
  3758 | D:4      | Noticed Edmund
  3807 | D:4      | Killed Edmund
  3808 | D:4      | Reached skill level 8 in Fire Magic
  3926 | D:4      | Found an ornate altar of the Wu Jian Council.
  3963 | D:4      | Noticed a water moccasin
  3969 | D:4      | Killed a water moccasin
  4114 | D:4      | Noticed Blork the orc
  4122 | D:4      | Killed Blork the orc
  4123 | D:4      | Reached XP level 7. HP: 37/57 MP: 1/11
  4261 | D:4      | Noticed Grinder
  4274 | D:4      | Killed Grinder
  4503 | D:4      | Found a sacrificial altar of Ru.
  4523 | D:4      | Reached skill level 5 in Spellcasting
  4960 | D:5      | Entered Level 5 of the Dungeon
  4966 | D:5      | Found a broken altar of Ashenzari.
  5083 | D:5      | Found a radiant altar of Vehumet.
  5088 | D:5      | Became a worshipper of Vehumet
  5583 | D:5      | Reached XP level 8. HP: 63/63 MP: 11/16
  5641 | D:5      | Found a basalt altar of Yredelemnul.
  6192 | D:5      | Noticed a troll
  6212 | D:5      | Killed a troll
  6509 | D:5      | Reached XP level 9. HP: 59/70 MP: 12/21
  6671 | D:5      | Learned a level 4 spell: Flame Wave
  6675 | D:5      | Learned a level 3 spell: Inner Flame
  6750 | D:6      | Identified the +4 dagger of Defiance {flame, rC+ Str+2
                  | Stlth+}
  6939 | D:6      | Reached * piety under Vehumet
  6939 | D:6      | Offered knowledge of Sting by Vehumet.
  6949 | D:6      | Reached skill level 1 in Armour
  7358 | D:6      | Found a shadowy altar of Dithmenos.
  7579 | D:7      | Found Wizio's Antique Armour Shop.
  7834 | D:7      | Found an opulent altar of Gozag.
  7841 | D:7      | Reached skill level 5 in Armour
  8313 | D:7      | Noticed Dowan
  8323 | D:7      | Found a staircase to the Ecumenical Temple.
  8491 | D:7      | Noticed Duvessa
  8508 | D:7      | Killed Duvessa
  8517 | D:7      | Killed Dowan
  8781 | D:7      | Found a shimmering altar of Xom.
  9191 | D:8      | Reached skill level 1 in Shields
  9482 | D:8      | Identified the +1 sling of Bosuplon {freeze, Will+}
  9623 | D:8      | Reached XP level 10. HP: 68/77 MP: 13/22
  9966 | D:8      | Found a snail-covered altar of Cheibriados.
 10483 | D:9      | Reached skill level 5 in Fighting
 10484 | D:9      | Reached ** piety under Vehumet
 10638 | D:9      | Identified a scroll of acquirement
 10638 | D:9      | Acquired the +2 helmet of Syndicalism {rF+ Int+2 SInv}
 10805 | D:9      | Found a stormy altar of Qazlal.
 10811 | D:9      | Found an ancient bone altar of Kikubaaqudgha.
 10814 | D:9      | Found a blossoming altar of Fedhas.
 10814 | D:9      | Noticed a white ugly thing
 10824 | D:9      | Killed a white ugly thing
 10824 | D:9      | Offered knowledge of Kiss of Death by Vehumet.
 10892 | D:9      | Found a sparkling altar of Nemelex Xobeh.
 11202 | D:7      | Bought an embroidered scarf for 208 gold pieces
 11350 | D:9      | Found a burning altar of Makhleb.
 11416 | D:10     | Entered Level 10 of the Dungeon
 11537 | D:10     | Reached skill level 1 in Conjurations
 11731 | D:10     | Reached skill level 9 in Fire Magic
 11763 | D:10     | Found a staircase to the Lair.
 11779 | D:10     | Offered knowledge of Mercury Vapours by Vehumet.
 11807 | D:10     | Reached XP level 11. HP: 73/92 MP: 19/24
 12222 | D:10     | Reached *** piety under Vehumet
 12499 | D:10     | Found a staircase to the Orcish Mines.
 12501 | D:10     | Found Kinisa's Armour Emporium.
 12506 | D:10     | Reached skill level 10 in Fire Magic
 12630 | D:10     | Found Qaukhy Odusch's Distillery.
 13149 | D:10     | Offered knowledge of Dazzling Flash by Vehumet.
 13440 | Lair:1   | Entered Level 1 of the Lair of Beasts
 13545 | Lair:1   | Reached skill level 11 in Fire Magic
 13629 | Lair:1   | Noticed a boulder beetle
 13646 | Lair:1   | Killed a boulder beetle
 13923 | Lair:1   | Reached skill level 5 in Conjurations
 13927 | Lair:1   | Reached skill level 12 in Fire Magic
 14072 | Lair:1   | Noticed Joseph
 14099 | Lair:1   | Killed Joseph
 14280 | Lair:1   | Reached **** piety under Vehumet
 14281 | Lair:1   | Reached XP level 12. HP: 62/100 MP: 25/25
 14529 | Lair:1   | Slain by a komodo dragon

Illustrated notes

Levels and vault maps discovered:
D:1:      dpeg_arrival_tiny_f, layout_basic, chequers_serial_rivers_small_3
D:2:      kb_forest_paths, layout_basic, serial_bayou_lake_a
D:3:      layout_basic, mainiacjoe_overflow_concentric_impassable,
          tso_metal_star, minmay_misc_feat_room, uniq_robin
D:4:      layout_gridville, pdpol_wu_jian_five_deadly_venoms,
          nicolae_overflow_crystal_walls, minmay_misc_feat_hallway, uniq_edmund,
          uniq_blork_the_orc, uniq_menkaure, uniq_grinder
D:5:      layout_gridville, marbit_many_paths, nicolae_ashenzari_panopticon,
          amcnicky_altar_gilded, minmay_manual_moon
D:6:      layout_rooms, grunt_dithmenos_smoke_and_mirrors,
          grunt_decor_resistance
D:7:      layout_loops_corners, old_standard_altar, lemuel_crystal_altar,
          minmay_temple_entry_poolview, serial_shops, shop, uniq_duvessa
D:8:      layout_rooms, kennysheep_mini_moat
D:9:      layout_irregular_city, lemuel_doored_altar,
          grunt_temple_overflow_cloverleaf, serial_glass, glass_columns_b,
          glass_columns_b, item_on_display_a, item_on_display_a,
          feat_on_display, nicolae_titane
D:10:     minmay_evil_eye, layout_basic, dpeg_lair_monsters, orc_david_3,
          special_room [special_room_kobold], serial_shops, shop,
          eino_tiny_chamber, minmay_fire_ice_demons
Lair:1:   layout_cave_pods, grunt_megastairs_3, uniq_joseph

Skill      XL: |  1  2  3  4  5  6  7  8  9 10 11 |
---------------+----------------------------------+-----
Fire Magic     | 4 5 7 8 9 12 | 12.6
Fighting       | 1 2 3 7 |  7.3
Spellcasting   | 3 5 8 9 |  9.8
Armour         | 7 |  7.9
Shields        | 3 4 |  4.7
Conjurations   | 2 5 |  5.8
Dodging        | |  1.3
Stealth        | |  1.4

Action                     |  1- 3 |  4- 6 |  7- 9 | 10-12 || total
---------------------------+-------+-------+-------+-------++-------
  Melee: Mace              |    45 |    24 |       |       ||    69
         Flail             |       |     4 |    47 |       ||    51
         Dagger            |       |       |    16 |       ||    16
         War axe           |       |       |       |   176 ||   176
   Fire: Sling             |       |       |     2 |    26 ||    28
   Cast: Foxfire           |    46 |    51 |    89 |    86 ||   272
         Scorch            |     8 |    17 |    85 |    90 ||   200
         Volatile Blastmot |       |     1 |    23 |    33 ||    57
         Inner Flame       |       |       |     6 |    13 ||    19
         Flame Wave        |       |       |       |     6 ||     6
    Use: Scroll            |       |    11 |     5 |     6 ||    22
         Potion            |       |     1 |     4 |     1 ||     6
   Stab: Sleeping          |       |       |     1 |       ||     1
 Armour: Ring mail         |    56 |    36 |   138 |   173 ||   403
         Scale mail        |       |       |       |    35 ||    35
  Dodge: Dodged            |    30 |    30 |    75 |   107 ||   242
         Repelled          |       |       |       |    15 ||    15
  Block: Other             |       |    14 |    23 |       ||    37
         Reflection        |       |     2 |     6 |    13 ||    21
         Buckler           |       |       |    33 |   134 ||   167

Table legend: (Time is in decaauts)
 A = Elapsed time spent in this place.
 B = Non-inter-level travel time spent in this place.
 C = Inter-level travel time spent in this place.
 D = Time resting spent in this place.
 E = Time spent auto-exploring this place.
 F = Levels seen in this place.
 G = Mean time per level.
                   A        B        C        D        E       F      G
               +--------+--------+--------+--------+--------+-----+--------+
         Total |  14725 |  14241 |    484 |   2307 |   9437 |  11 | 1338.6 |
       Dungeon |  13614 |  13130 |    484 |   1867 |   8965 |  10 | 1361.4 |
          Lair |   1110 |   1110 |      0 |    439 |    472 |   1 | 1110.0 |
               +--------+--------+--------+--------+--------+-----+--------+

Top non-repeatable levels by time:
    D:10: 2107 daAuts
     D:5: 1845 daAuts
     D:7: 1803 daAuts
     D:4: 1506 daAuts
     D:2: 1436 daAuts
     D:9: 1267 daAuts
  Lair:1: 1110 daAuts
     D:1: 1071 daAuts
     D:3: 996 daAuts
     D:8: 880 daAuts
     D:6: 700 daAuts
